AoeStats
← aniketkulkarni0308

Arena

509667697Analyzed
4v4 RM · 4d ago on Sep 27, 2026· 75m 9s· 8 players
Game mode
Random Map
Map size
Large (8 player)
Population
200
Speed
Normal
Resources
Standard
Victory
Conquest
Starting age
Dark Age
Ending age
Imperial Age
RankedLock teamsTeams togetherTeam positionsShared explorationLock speedFull tech treeHidden civsTurbo modeCheats
Victory
Defeat
🇹🇷 Teutons · Türkiye
1019
+11
🇹🇷 Vietnamese · Türkiye
883
+16
🇬🇧 Britons · United Kingdom
872
+17
🇺🇸 Lithuanians · United States
868
+17
🇹🇷 Bulgarians · Türkiye
956
-18
🇮🇳 Khmer · India
942
-17
🇦🇷 Berbers · Argentina
890
-15
🇧🇷 Persians · Brazil
787
-11
Hannibal Barca
11:06 Feudal Age
15:31 Castle Age
14:46 Stone Mining
14:43 Double-Bit Axe
14:41 Horse Collar
17:31 Bow Saw
17:23 Heavy Plow
21:12 Wheelbarrow
24:14 Fortified Wall
24:22 Fletching
25:10 Town Watch
25:46 Hand Cart
25:19 Pikeman
26:57 Squires
27:05 Bodkin Arrow
27:10 Scale Mail Armor
27:35 Ballistics
27:36 Gold Mining
33:05 Imperial Age
30:21 Loom
30:52 Masonry
30:23 Treadmill Crane
31:29 Gold Shaft Mining
31:01 Man-at-Arms
31:27 Gambesons
33:08 Chain Mail Armor
32:55 Padded Archer Armor
33:06 Forging
33:29 Yeomen
32:56 Long Swordsman
33:25 Elite Longbowman
34:45 Caravan
34:38 Halberdier
36:51 Hoardings
36:36 Conscription
36:40 Siege Engineers
37:36 Chemistry
37:09 Architecture
36:35 Murder Holes
36:44 Bracer
36:37 Arson
36:20 Two-Handed Swordsman
37:03 Warwolf
38:55 Plate Mail Armor
38:41 Leather Archer Armor
39:01 Iron Casting
38:57 Guilds
41:01 Ring Archer Armor
41:29 Champion
49:43 Blast Furnace
64:35 Capped Ram
Kötükediserooo
12:13 Feudal Age
12:44 Horse Collar
12:52 Double-Bit Axe
13:17 Arson
15:15 Gold Mining
20:21 Castle Age
19:08 Stone Mining
19:39 Padded Archer Armor
19:46 Fletching
20:30 Scale Mail Armor
21:27 Squires
26:07 Chain Mail Armor
26:17 Bodkin Arrow
27:20 Leather Archer Armor
27:21 Gambesons
29:02 Forging
40:29 Imperial Age
41:37 Stone Shaft Mining
41:33 Conscription
43:08 Plate Mail Armor
43:14 Iron Casting
44:27 Conscription
43:32 Elite Teutonic Knight
52:31 Blast Furnace
59:27 Heavy Plow
60:13 Caravan
62:22 Coinage
67:04 Bow Saw
Lucien
12:16 Feudal Age
13:15 Double-Bit Axe
13:13 Horse Collar
14:30 Gold Mining
14:34 Stone Mining
19:15 Castle Age
25:09 Heavy Plow
25:03 Fletching
27:12 Padded Archer Armor
27:44 Bow Saw
29:42 Thumb Ring
29:48 Crossbowman
31:43 Bodkin Arrow
32:04 Leather Archer Armor
32:58 Chatras
34:15 Wheelbarrow
34:07 Ballistics
33:53 Caravan
36:12 Husbandry
36:23 Bloodlines
41:42 Imperial Age
41:23 Scale Barding Armor
41:28 Forging
44:08 Paper Money
45:27 Chemistry
45:27 Ring Archer Armor
44:57 Bracer
45:18 Chain Barding Armor
45:34 Iron Casting
44:59 Scale Mail Armor
45:05 Squires
44:26 Pikeman
46:37 Heavy Cavalry Archer
49:57 Paper Money
52:45 Plate Barding Armor
52:26 Chain Mail Armor
52:05 Elite Rattan Archer
54:49 Hand Cart
55:24 Elite Battle Elephant
57:13 Elite Fire Lancer
62:04 Halberdier
64:47 Two-Man Saw
66:06 Crop Rotation
66:11 Elite Skirmisher
68:23 Imperial Skirmisher
70:08 Plate Mail Armor
GodLyCrisCo
0:31 Loom
13:12 Feudal Age
17:42 Castle Age
15:32 Double-Bit Axe
15:30 Horse Collar
26:35 Heavy Plow
30:58 Imperial Age
29:59 Fervor
30:04 Redemption
30:39 Sanctity
31:19 Forging
31:15 Scale Barding Armor
32:44 Gold Mining
33:07 Bow Saw
33:39 Wheelbarrow
34:04 Ballistics
34:45 Chemistry
34:12 Caravan
34:38 Bloodlines
34:48 Husbandry
35:34 Iron Casting
35:43 Ballistics
35:47 Conscription
38:02 Hand Cart
38:01 Thumb Ring
40:52 Cavalier
42:43 Hoardings
41:56 Paladin
42:52 Stone Mining
43:35 Chain Barding Armor
43:54 Fletching
44:12 Padded Archer Armor
49:55 Elite Leitis
71:32 Light Cavalry
73:55 Plate Barding Armor
72:44 Winged Hussar
Hz.Jesus
10:58 Feudal Age
16:44 Castle Age
15:16 Double-Bit Axe
15:25 Gold Mining
15:29 Stone Mining
22:45 Fletching
23:54 Gambesons
24:25 Forging
26:17 Horse Collar
29:06 Iron Casting
28:32 Scale Mail Armor
30:32 Scale Barding Armor
30:43 Chain Mail Armor
34:16 Imperial Age
33:04 Wheelbarrow
33:17 Chain Barding Armor
33:06 Squires
32:51 Arson
37:00 Chemistry
35:59 Bodkin Arrow
36:35 Plate Mail Armor
40:01 Gold Shaft Mining
39:44 Bow Saw
39:42 Pikeman
41:19 Bagains
44:40 Bloodlines
44:31 Husbandry
45:11 Hand Cart
46:31 Blast Furnace
46:07 Plate Barding Armor
48:03 Stirrups
48:15 Elite Konnik
51:27 Padded Archer Armor
51:27 Bracer
51:31 Heavy Scorpion
52:15 Elite Genitour
53:46 Leather Archer Armor
53:59 Heavy Plow
60:53 Ballistics
60:41 Thumb Ring
61:48 Parthian Tactics
61:49 Halberdier
SharkScooper
0:29 Loom
12:24 Feudal Age
13:52 Wheelbarrow
13:00 Horse Collar
13:09 Double-Bit Axe
20:18 Castle Age
18:10 Town Watch
20:24 Stone Mining
20:29 Gold Mining
21:21 Bow Saw
21:19 Heavy Plow
23:48 Gold Shaft Mining
24:30 Hand Cart
25:38 Forging
25:30 Scale Mail Armor
25:36 Squires
25:24 Arson
25:41 Fletching
26:35 Stone Shaft Mining
26:25 Fervor
26:56 Pikeman
28:31 Iron Casting
31:35 Ballistics
31:19 Bodkin Arrow
31:40 Chain Mail Armor
31:28 Padded Archer Armor
31:34 Scale Barding Armor
34:48 Kamandaran
35:14 Leather Archer Armor
34:46 Crossbowman
35:42 Thumb Ring
39:32 Imperial Age
37:35 Husbandry
37:45 Bloodlines
39:18 Caravan
39:40 Chain Barding Armor
40:27 Conscription
39:38 Sappers
41:45 Citadels
40:56 Elite War Elephant
41:56 Cavalier
41:57 Light Cavalry
43:35 Crop Rotation
44:12 Two-Man Saw
44:53 Plate Barding Armor
44:34 Guilds
46:18 Hoardings
46:50 Chemistry
45:46 Murder Holes
46:01 Masonry
48:54 Coinage
49:01 Ring Archer Armor
49:02 Plate Mail Armor
49:32 Blast Furnace
54:04 Savar
65:39 Halberdier
aniketkulkarni0308
12:25 Feudal Age
15:59 Castle Age
14:00 Double-Bit Axe
14:37 Stone Mining
14:42 Gold Mining
19:37 Wheelbarrow
21:10 Wheelbarrow
20:27 Loom
20:29 Town Watch
20:30 Horse Collar
21:27 Stone Shaft Mining
21:36 Gold Shaft Mining
21:13 Bow Saw
23:48 Hand Cart
28:37 Imperial Age
28:15 Scale Barding Armor
28:21 Forging
28:25 Bloodlines
28:15 Husbandry
27:38 Light Cavalry
28:41 Town Patrol
29:13 Heavy Plow
31:24 Crop Rotation
31:23 Chain Barding Armor
31:38 Iron Casting
30:47 Cavalier
33:49 Conscription
34:39 Plate Barding Armor
38:53 Ballistics
38:44 Masonry
38:39 Siege Engineers
39:35 Chemistry
38:32 Hussar
40:43 Double Crossbow
40:05 Elite Ballista Elephant
42:56 Blast Furnace
50:40 Fletching
50:51 Padded Archer Armor
林归于凤
10:12 Feudal Age
10:38 Double-Bit Axe
15:45 Castle Age
16:00 Wheelbarrow
15:12 Horse Collar
15:49 Fletching
16:07 Stone Mining
17:41 Bow Saw
21:54 Stone Shaft Mining
24:16 Hand Cart
25:22 Gold Mining
26:39 Heavy Plow
27:01 Kasbah
28:05 Bodkin Arrow
29:01 Padded Archer Armor
29:12 Town Watch
32:10 Imperial Age
30:58 Town Patrol
31:43 Thumb Ring
32:41 Gold Shaft Mining
32:23 Leather Archer Armor
31:51 Treadmill Crane
32:33 Ballistics
32:24 Husbandry
32:34 Bloodlines
34:14 Chemistry
33:45 Conscription
34:12 Fortified Wall
34:29 Elite Genitour
35:18 Bracer
35:49 Ring Archer Armor
36:13 Siege Engineers
35:39 Light Cavalry
37:12 Hussar
Connection lost

Rejoining the realm…

Still unreachable

The connection could not be restored.

Session expired

The server has moved on; the page needs a fresh start.